Map: Kairos Junction LE

Players

HateMe - Winner!

  • Race: Zerg Zerg
  • Spawn Location: 5:00

Friend

  • Race: Zerg Zerg
  • Spawn Location: 11:00

Event: 2019 WCS Spring

VOD

Have the link to the VOD?

Description

Time

  • Played on: May 17, 2019, 8:03 a.m.
  • Length: 10:01

All games in this series

Show
View Real Time Build Order
Export as new Build Order

HateMe Zerg - Winner!

Build Orders: Pool First 

Get SALT Encoding   

  12  0:18  Spawning Pool  
  11  0:22  Drone  
  11  0:27  Drone  
  13  0:31  Drone  
  14  0:39  Overlord  
  14  1:05  Zergling x4  
  14  1:06  Zergling x2  
  17  1:16  Zergling x2  
  17  1:18  Hatchery  
  17  1:27  Zergling x2  
  18  1:33  Queen  
  18  1:38  Zergling x2  
  21  1:49  Overlord  
  21  2:00  Drone  
  22  2:08  Queen  
  22  2:11  Drone  
  25  2:22  Drone  
  25  2:31  Drone x2  
  25  2:36  Queen  
  29  2:40  Drone  
  29  2:45  Spine Crawler  
  29  2:50  Queen  
  29  3:02  Drone x5  
  34  3:12  Overlord  
  34  3:16  Spine Crawler  
  32  3:28  Queen  
  32  3:30  Queen  
  35  3:44  Spine Crawler  
  35  3:47  Zergling x8  
  38  3:54  Spine Crawler  
  37  3:59  Zergling x4  
  33  4:12  Queen  
  35  4:23  Queen  
  34  4:28  Zergling x10  
  39  4:39  Overlord  
  39  4:43  Drone x2  
  41  4:52  Queen  
  39  4:58  Spine Crawler  
  38  5:09  Drone x3  
  38  5:10  Drone  
  42  5:17  Overlord  
  42  5:26  Drone  
  45  5:32  Overlord  
  45  5:33  Extractor  
  45  5:34  Drone  
  45  5:35  Extractor  
  44  5:36  Drone  
  44  5:38  Drone  
  44  5:40  Drone  
  44  5:42  Drone x4  
  49  5:49  Roach Warren  
  48  5:59  Evolution Chamber  
  48  6:00  Drone  
  48  6:01  Drone x3  
  51  6:08  Overlord  
  51  6:16  Overlord  
  51  6:17  Drone x3  
  54  6:19  Drone  
  55  6:26  Zerg Missile Weapons Level 1  
  55  6:29  Extractor, Drone x2  
  55  6:30  Extractor  
  55  6:32  Drone  
  56  6:33  Drone  
  57  6:40  Drone x4  
  61  6:47  Lair  
  59  7:02  Overlord  
  59  7:04  Roach x4, Drone  
  67  7:11  Roach x3  
  67  7:15  Overlord  
  73  7:18  Roach  
  73  7:22  Drone  
  76  7:23  Evolution Chamber, Roach  
  76  7:24  Roach  
  79  7:40  Hatchery  
  79  7:43  Roach  
  79  7:44  Roach x3  
  86  7:46  Glial Reconstitution  
  86  7:50  Overlord  
  86  7:53  Overseer  
  86  7:59  Roach x3  
  86  8:03  Overlord  
  92  8:11  Roach x3  
  98  8:16  Overlord  
  98  8:19  Roach  
  100  8:24  Roach x3  
  106  8:29  Overlord  
  106  8:31  Roach  
  108  8:40  Overlord  
  108  8:42  Overlord  
  108  8:48  Roach  
  108  8:49  Roach x3  
  108  8:52  Roach x2  
  120  9:00  Evolution Chamber  
  125  9:02  Roach  
  125  9:03  Roach x2  
  125  9:11  Roach  
  125  9:12  Roach x2  
  131  9:20  Roach  
  123  9:30  Roach x5  
  128  9:37  Roach x3  
Show
View Real Time Build Order
Export as new Build Order

Friend Zerg 

Build Orders: Pool First 

Get SALT Encoding   

  12  0:01  Drone  
  13  0:12  Overlord  
  13  0:16  Drone  
  14  0:31  Drone x2  
  16  0:41  Spawning Pool  
  15  0:44  Drone  
  15  0:48  Drone  
  17  1:05  Extractor  
  17  1:11  Hatchery  
  15  1:14  Drone  
  15  1:17  Drone  
  17  1:30  Zergling x4  
  19  1:34  Queen  
  21  1:41  Zergling x2  
  22  1:50  Overlord  
  22  2:10  Metabolic Boost  
  22  2:24  Zergling x8  
  25  2:36  Queen  
  28  2:37  Zergling x4  
  26  2:51  Baneling Nest  
  25  2:54  Zergling x6  
  28  3:05  Zergling x6  
  30  3:17  Zergling x6  
  33  3:30  Overlord  
  33  3:34  Baneling x4  
  33  3:37  Zergling x2  
  33  3:38  Zergling x2  
  35  3:44  Baneling  
  32  3:50  Zergling x6  
  31  4:05  Zergling x8  
  30  4:11  Zergling x2  
  30  4:22  Zergling x6  
  28  4:32  Zergling x4  
  28  4:37  Queen  
  32  4:43  Drone  
  33  4:52  Drone x3  
  33  5:02  Drone x2  
  34  5:21  Roach Warren  
  34  5:22  Overlord  
  34  5:23  Overlord  
  33  5:37  Drone x3  
  33  5:38  Drone  
  33  5:42  Evolution Chamber  
  37  5:43  Evolution Chamber  
  37  5:45  Queen  
  38  5:55  Drone x3  
  41  6:05  Drone  
  41  6:06  Drone x3  
  45  6:16  Drone x2  
  47  6:19  Zerg Ground Armor Level 1  
  47  6:21  Zerg Melee Weapons Level 1  
  47  6:34  Hatchery  
  47  6:39  Drone x3  
  49  6:53  Drone x4  
  49  7:04  Queen  
  49  7:05  Queen  
  49  7:08  Overlord x2  
  51  7:12  Extractor  
  50  7:16  Overlord x2  
  49  7:41  Lair  
  49  7:42  Roach Warren  
  48  7:46  Zergling x18  
  57  7:56  Extractor  
  56  8:00  Drone x4  
  60  8:18  Drone x3  
  63  8:38  Overlord x4  
  63  8:40  Glial Reconstitution  
  63  8:46  Roach x2  
  63  8:47  Roach x10  
  86  8:54  Roach x3  
  90  9:02  Spine Crawler x2  
  87  9:03  Spine Crawler  
  87  9:05  Roach x2  
  90  9:11  Roach x2  
  90  9:12  Roach  
  96  9:20  Roach x3  
  91  9:25  Roach  
  91  9:28  Roach x2  
  79  9:33  Roach x2  
  79  9:38  Roach x2  
  81  9:42  Roach  
Tags
 
Add a new tag
Caveats
  • Supply blocks, unpowered buildings, or Contaminate may cause inaccurate times.
  • Supply counts are checked every 10 seconds.